 Dungeon Crawl Stone Soup version 0.30.0-5-g1a98f26d00 (webtiles) character file.

Game seed: 14690125248396199718

156 geeko55 the Charlatan (level 5, -3/30 HPs)
             Began as a Deep Elf Artificer on May 11, 2023.
             Killed by divine providence
             ... invoked by an orc priest
              (13 damage)
             ... on level 3 of the Dungeon on May 12, 2023.
             The game lasted 00:05:53 (2338 turns).

geeko55 the Charlatan (Deep Elf Artificer)          Turns: 2338, Time: 00:05:54

Health: -3/30      AC:  4    Str:  9    XL:     5   Next: 15%
Magic:  0/12       EV: 12    Int: 18    God:
Gold:   106        SH:  0    Dex: 15    Spells: 8/11 levels left

rFire   . . .        a - +0 spear
rCold   . . .        (no shield)
rNeg    . . .        z - +0 leather armour
rPois   +            (helmet currently unavailable)
rElec   .            (no cloak)
rCorr   .            B - +0 pair of gloves
SInv    .            (boots currently unavailable)
Will    .....        i - amulet of guardian spirit
Stlth   ++           v - ring of poison resistance
HPRegen 0.25/turn    (no ring)
MPRegen 0.13/turn

%: guardian spirit
@: appendages (expiring)
A: horns 2, talons 2
a: End Transformation


You were on level 3 of the Dungeon.
You had temporarily grown beastly horns and talons.
You visited 1 branch of the dungeon, and saw 3 of its levels.

You collected 106 gold pieces.

Inventory:

Hand Weapons
 a - a +0 spear (weapon)
 b - the +2 sling of the Thoughtful Moons {flame, rF+}
   (You found it on level 2 of the Dungeon)

   rF:        It protects you from fire.
Armour
 k - a +0 pair of gloves
 z - a +0 leather armour (worn)
 B - a +0 pair of gloves (worn)
Jewellery
 i - an amulet of guardian spirit (around neck)
 v - a ring of poison resistance (left hand)
Wands
 c - a wand of flame (9) (quivered)
 d - a wand of charming (11)
 e - a wand of iceblast (5)
Scrolls
 f - 3 scrolls of teleportation {unknown}
 h - a scroll of fog {unknown}
 j - a scroll of blinking {unknown}
 n - 3 scrolls of identify {unknown}
 o - a scroll of vulnerability {unknown}
 p - a scroll of poison {unknown}
 q - a scroll of butterflies {unknown}
 s - a scroll of amnesia {unknown}
 x - a scroll of fear {unknown}
 y - a scroll of noise {unknown}
 A - a scroll of silence {unknown}
Potions
 g - a potion of degeneration {unknown}
 l - a potion of might {unknown}
 m - a potion of berserk rage {unknown}
 r - 3 potions of flight {unknown}
 t - a potion of attraction {unknown}
 u - 2 potions of brilliance {unknown}
 w - 2 potions of lignification {unknown}
 C - a potion of curing {unknown}


   Skills:
 + Level 2.0 Fighting
 * Level 1.2 Ranged Weapons
 - Level 0.7 Armour
 - Level 2.4 Dodging
 - Level 1.2 Stealth
 * Level 3.8 Spellcasting
 + Level 1.7 Transmutations
 - Level 4.0 Evocations


You had 8 spell levels left.
You knew the following spells:

 Your Spells              Type           Power      Damage    Failure   Level
a - Beastly Appendage     Tmut           18%        N/A       10%         1
b - Wereblood             Tmut           9%         N/A       16%         2

Your spell library contained the following spells:

 Spells                   Type           Power      Damage    Failure   Level
 Spider Form              Tmut/Pois      6%         N/A       41%         3


Dungeon Overview and Level Annotations

Branches:
Dungeon (3/15)

Altars:

Shops:
D:3 !


Innate Abilities, Weirdness & Mutations

You have temporarily grown beastly horns and talons.


Message History

The orc priest hits you with a +0 falchion.
The +2 sling of the Thoughtful Moons {flame, rF+} stops flaming.
a - a +0 spear (weapon)
The orc priest hits you with a +0 falchion.
The adder attacks as you move away! The adder misses you.
The adder barely misses you. The adder attacks as you move away!
The adder closely misses you.
Casting: Beastly Appendage (safe; 11% risk of failure)
Confirm with . or Enter, or press ? or * to list all spells.
You grow a pair of large bovine horns.
Your feet morph into talons.
The adder barely misses you.
You hit the adder.
The adder is moderately wounded.
The adder misses you. The adder bites you but does no damage.
You hit the adder. Your kick misses the adder. Your headbutt misses the adder.
The adder is heavily wounded.
The adder bites you but does no damage.
You hit the adder. You claw the adder.
You kill the adder!
You barely miss the orc priest.
The orc priest is heavily wounded.
The orc priest hits you with a +0 falchion.
You closely miss the orc priest. Your kick misses the orc priest.
The orc priest is heavily wounded.
The orc priest hits you with a +0 falchion.
You closely miss the orc priest. You claw the orc priest.
The orc priest is heavily wounded.
Your transformation is almost over.
The orc priest closely misses you.
You hit the orc priest. Your kick misses the orc priest.
The orc priest is severely wounded.
The orc priest hits you with a +0 falchion!
You barely miss the orc priest.
The orc priest is severely wounded.
The orc priest hits you with a +0 falchion.
You closely miss the orc priest. Your headbutt misses the orc priest.
The orc priest is severely wounded.
The orc priest mumbles some strange prayers to Beogh against you.
Beogh smites you!
You die...

#..∩.. #.. ##.⌠.).
..# #.. .!..).. #.#
#.. #...... #.# #..
....)## #.# #<.
#...# #.# #..
#.###.# ###
#..##.## ##.o@..#
## ####..# #.
#..#############.
#................
#.#.#.##########.
...#.#..........#.
#.###'#.#)#####.##.
#. #....#..# #.##.
# #....#..####.##.


You could see an orc priest.

Vanquished Creatures
  An orc priest (D:3)
  6 adders
  A worm (D:3)
  3 dart slugs
  3 orcs (D:3)
  7 endoplasms
  3 giant cockroaches
  8 goblins
  7 hobgoblins
  3 quokkas
  5 ball pythons
  3 bats
  3 frilled lizards
  3 kobolds
  6 rats
62 creatures vanquished.

Vanquished Creatures (others)
  An adder (D:2)
  A kobold (D:2)
  A bat (D:2)
3 creatures vanquished.

Grand Total: 65 creatures vanquished

Notes
Turn   | Place    | Note
-------+----------+-------------------------------------------
     0 | D:1      | geeko55 the Deep Elf Artificer began the quest for the Orb.
     0 | D:1      | Reached XP level 1. HP: 11/11 MP: 3/3
    68 | D:1      | Reached skill level 1 in Fighting
   148 | D:1      | Reached skill level 1 in Spellcasting
   148 | D:1      | Reached XP level 2. HP: 13/16 MP: 5/5
   699 | D:1      | Reached skill level 4 in Evocations
   767 | D:1      | Reached XP level 3. HP: 20/20 MP: 7/7
  1096 | D:2      | Learned a level 1 spell: Beastly Appendage
  1331 | D:2      | Reached skill level 1 in Transmutations
  1410 | D:2      | Reached XP level 4. HP: 16/25 MP: 8/10
  1756 | D:2      | Identified the +2 sling of the Thoughtful Moons {flame,
                  | rF+}
  2010 | D:3      | Learned a level 2 spell: Wereblood
  2313 | D:3      | Found Ropear's Distillery.
  2319 | D:3      | Reached skill level 1 in Ranged Weapons
  2319 | D:3      | Reached XP level 5. HP: 30/30 MP: 12/12
  2338 | D:3      | Killed from afar by an orc priest

Illustrated notes

Levels and vault maps discovered:
D:1:      dpeg_arrival_radiant, layout_basic
D:2:      minmay_wonky_spiral, layout_basic, amcnicky_mini_corridor_feature,
          kennysheep_generic_room_12
D:3:      layout_basic, zin_angel, serial_shops, shop_fountains

Skill      XL: |  1  2  3  4 |
---------------+-------------+-----
Fighting       | 1 2 |  2.0
Spellcasting   | 1 2 3 |  3.8
Evocations     | 4 |  4.0
Transmutations | 1 |  1.7
Ranged Weapons | 1 |  1.2
Armour         | |  0.7
Dodging        | |  2.4
Stealth        | |  1.2

Action                     |  1- 3 |  4- 6 || total
---------------------------+-------+-------++-------
  Melee: Hand axe          |    99 |       ||    99
         Club              |     2 |       ||     2
         Spear             |    64 |    29 ||    93
         Kick              |     2 |     2 ||     4
         Headbutt          |     2 |       ||     2
         Punch             |     1 |       ||     1
   Fire: Sling             |       |    49 ||    49
   Cast: Beastly Appendage |     1 |     1 ||     2
  Evoke: Wand              |    10 |       ||    10
   Stab: Sleeping          |     2 |     2 ||     4
 Armour: Leather armour    |    45 |     4 ||    49
  Dodge: Dodged            |   124 |    19 ||   143
